 Dungeon Crawl Stone Soup version 0.28.0-43-g3370ac3207 (webtiles) character file.

Game seed: 14897308803066459026

18772 suse60 the Fighter (level 12, -7/115 HPs)
             Began as a Minotaur Fighter on Mar 25, 2022.
             Was a High Priest of Okawaru.
             Mangled by Erolcha
             ... wielding a +0 giant club
              (17 damage)
             ... on level 13 of the Dungeon.
             The game lasted 01:31:54 (13989 turns).

suse60 the Fighter (Minotaur Fighter)              Turns: 13989, Time: 01:31:55

Health: -7/115     AC: 20    Str: 23    XL:     12   Next: 30%
Magic:  14/15      EV:  9    Int:  2    God:    Okawaru [*****.]
Gold:   422        SH:  7    Dex: 17    Spells: 11/11 levels left

rFire   + + +      SeeInvis .   v - +2 long sword of Wytsogow {vorpal, rF+ Dex+4}
rCold   + . .      Faith    +   c - +0 buckler
rNeg    . . .      Spirit   .   m - +6 scale mail "Mownyeq" {Rampage rF++ Int-3 Stlth+}
rPois   +          Reflect  .   l - +1 hat "Ceur" {Regen+}
rElec   .          Harm     .   o - scarf {rC+ rF+}
rCorr   .          Rampage  +   t - +0 pair of gloves
Will    .....                   e - +1 pair of boots
Stlth   +.........              i - amulet of faith
HPRegen 1.09/turn               n - ring of poison resistance
MPRegen 0.14/turn               (no ring)

@: studying Long Blades
A: horns 2, retaliatory headbutt
a: Renounce Religion, Heroism, Finesse, Duel


You were on level 13 of the Dungeon.
You worshipped Okawaru.
Okawaru was extremely pleased with you.
You visited 2 branches of the dungeon, and saw 14 of its levels.
You visited the Abyss 1 time.
You also visited: Bailey.

You collected 720 gold pieces.
You spent 298 gold pieces at shops.

Inventory:

Hand Weapons
 a - a +0 war axe
 v - the +2 long sword of Wytsogow (weapon) {vorpal, rF+ Dex+4}
   (You found it on level 12 of the Dungeon)

   It inflicts extra damage upon your enemies.
   Dex:       It affects your dexterity (+4).
   rF:        It protects you from fire.
Armour
 c - a +0 buckler (worn)
 e - a +1 pair of boots (worn)
 l - the +1 hat "Ceur" (worn) {Regen+}
   (You acquired it in a bailey)

   Regen:     It increases your rate of health regeneration.
 m - the +6 scale mail "Mownyeq" (worn) {Rampage rF++ Int-3 Stlth+}
   (You found it on level 7 of the Dungeon)

   Int:       It affects your intelligence (-3).
   rF:        It greatly protects you from fire.
   Rampage:   It bestows one free step when moving towards enemies.
   Stlth:     It makes you more stealthy.
 o - a scarf of resistance (worn)
 t - a +0 pair of gloves (worn)
Jewellery
 i - an amulet of faith (around neck)
 n - a ring of poison resistance (left hand)
Wands
 f - a wand of paralysis (5)
 p - a wand of iceblast (1)
Scrolls
 b - 3 scrolls of identify
 g - a scroll of fear
 h - 4 scrolls of teleportation
 w - 3 scrolls of fog
 x - a scroll of blinking
Potions
 d - a potion of curing
 j - 3 potions of flight
 k - 2 potions of ambrosia
 q - 5 potions of might
 r - a potion of haste
 u - 3 potions of cancellation


   Skills:
 + Level 13.2 Fighting
 * Level 8.5 Long Blades
 - Level 12.3 Axes
 - Level 11.6 Armour
 - Level 9.3 Shields
 + Level 5.3 Invocations
 - Level 3.0 Evocations


You had 11 spell levels left.
You didn't know any spells.
Your spell library contained the following spells:

 Spells                   Type           Power      Damage    Failure   Level
 Slow                     Hex            0%         N/A       86%         1
 Blink                    Tloc           0%         N/A       94%         2
 Corpse Rot               Necr/Air       0%         N/A       94%         2
 Poisonous Vapours        Pois/Air       0%         N/A       94%         2
 Confusing Touch          Hex            0%         N/A       99%         3
 Dazzling Flash           Conj/Hex       0%         N/A       99%         3
 Frozen Ramparts          Ice            0%         1d2       99%         3
 Portal Projectile        Hex/Tloc       0%         N/A       99%         3
 Vampiric Draining        Necr           0%         2d6       99%         3
 Anguish                  Hex/Necr       0%         N/A       100%        4
 Ice Form                 Ice/Tmut       0%         N/A       100%        4
 Leda's Liquefaction      Hex/Erth       0%         N/A       100%        4
 Olgreb's Toxic Radiance  Pois           0%         N/A       100%        4
 Agony                    Necr           0%         N/A       100%        5
 Manifold Assault         Tloc           0%         N/A       100%        5
 Metabolic Englaciation   Hex/Ice        0%         N/A       100%        5
 Silence                  Hex/Air        0%         N/A       100%        5
 Storm Form               Tmut/Air       0%         N/A       100%        7
 Call Canine Familiar     Summ           Unusable   N/A       N/A         3
 Tukima's Dance           Hex            Unusable   N/A       N/A         3
 Summon Ice Beast         Ice/Summ       Unusable   N/A       N/A         4

Dungeon Overview and Level Annotations

Branches:
Dungeon (13/15)            Temple (1/1) D:7            Lair (0/6) D:10
    Orc (0/2) D:11         Vaults (0/5) D:13         Bailey (visited)

Altars:
Ashenzari
Fedhas
Hepliaklqana
Kikubaaqudgha
Makhleb
Nemelex Xobeh
Okawaru
Qazlal
Sif Muna
Vehumet
Xom
Yredelemnul
Zin
The Shining One

Shops:
D:7 ?   D:9 (

Annotations:
D:13 Erolcha


Innate Abilities, Weirdness & Mutations

You have a pair of horns on your head.
You reflexively headbutt those who attack you in melee.


Message History

The centaur warrior kicks you but does no damage.
You slash the centaur warrior!
You kill the centaur warrior!
Okawaru accepts your kill.
Your Long Blades skill increases to level 8!
You hit the yaktaur.
The yaktaur is lightly wounded.
The yaktaur unwields a +0 arbalest.
The yaktaur hits you but does no damage.
You slash the yaktaur!
You headbutt the yaktaur, but do no damage.
The yaktaur is heavily wounded.
You block the yaktaur's attack.
You slice the yaktaur!!
You headbutt the yaktaur, but do no damage.
The yaktaur is almost dead.
The yaktaur closely misses you.
You slash the yaktaur!
You kill the yaktaur!
Okawaru accepts your kill. Something hits you but does no damage.
You hit something but do no damage. Something hits you.
You barely miss something. Your headbutt misses something.
Something hits you but does no damage.
You closely miss something. You headbutt something.
You hear some strange, mumbled words.
You block something's attack.
You slash the yaktaur!
You kill the yaktaur!
Okawaru accepts your kill. Something hits you!!
Items here: (( ))) †.
You hit something. You headbutt something! Something hits you!
* * * LOW HITPOINT WARNING * * *
You slash something! You headbutt something. Something hits you!
* * * LOW HITPOINT WARNING * * *
You barely miss something. Something hits you!
* * * LOW HITPOINT WARNING * * *
You hit something. Something hits you!
You die...

#.###.########)######
#.#..................
#.#.#.#####..........
##...## #.....####.
##.##### ####.......
#.###.## #.######
#.##.#.## #.#
#.#{###.####'## #.@##
##.##...##
###.###.##.....##
##.#.#.##.......##
###................##
#..................+.
#.#................##
#.####............###
# .......#.[...## #
.......##...## #


There were no monsters in sight!

Vanquished Creatures
  A tentacled starspawn (Abyss:2)
  An orc warlord (Bailey)
  2 boulder beetles
  2 centaur warriors
  3 two-headed ogres
  A skeletal warrior (D:10)
  A wizard (D:12)
  An ugly thing (D:12)
  A manticore (D:11)
  8 slime creatures (D:12)
  3 smoke demons
  2 yaktaurs (D:13)
  An unseen horror (D:12)
  A hellwing (Abyss:2)
  3 trolls (D:10)
  A blink frog (Abyss:2)
  A meliai zombie (D:10)
  A shadow (D:12)
  3 wraiths
  Sigmund (D:2)
  A vampire (D:11)
  A ynoxinul (Abyss:2)
  6 yaks
  4 wyverns
  2 fire bats (Abyss:2)
  3 acid dragons (D:9)
  3 wargs (D:10)
  Edmund (D:5)
  A hornet zombie (D:9)
  7 orc warriors
  A black bear (D:5)
  3 ogres
  7 centaurs
  A kobold brigand (D:9)
  2 gnoll sergeants (D:8)
  A bullfrog (D:7)
  2 scorpions
  A wyvern skeleton (D:6)
  4 killer bees (D:9)
  4 wights
  5 electric eels (D:12)
  2 howler monkeys
  A small abomination (Abyss:2)
  4 centaur zombies
  9 orc priests
  3 centaur skeletons
  5 hounds
  4 bullfrog skeletons
  4 jellies
  3 iguanas
  Ijyb (D:5)
  10 orc wizards
  A hound skeleton (D:5)
  A howler monkey zombie (D:10)
  11 adders
  14 gnolls
  An ufetubus (D:5)
  3 worms
  2 dart slugs
  34 orcs
  6 endoplasms
  6 giant cockroaches
  16 goblins
  11 hobgoblins
  8 jackals
  2 quokkas (D:3)
  5 ball pythons
  5 bats
  3 frilled lizards
  25 kobolds
  13 rats
  A starspawn tentacle (Abyss:2)
312 creatures vanquished.

Vanquished Creatures (others)
  An unseen horror (Abyss:2)
  4 starspawn tentacles (Abyss:2)
5 creatures vanquished.

Grand Total: 317 creatures vanquished

Notes
Turn   | Place    | Note
-------+----------+-------------------------------------------
     0 | D:1      | suse60 the Minotaur Fighter began the quest for the Orb.
     0 | D:1      | Reached XP level 1. HP: 19/19 MP: 0/0
   122 | D:1      | Reached XP level 2. HP: 27/27 MP: 1/1
   464 | D:1      | Reached skill level 4 in Fighting
   807 | D:2      | Reached XP level 3. HP: 30/33 MP: 2/2
   884 | D:2      | Noticed Sigmund
  1138 | D:3      | Found a blossoming altar of Fedhas.
  1144 | D:3      | Found an ancient bone altar of Kikubaaqudgha.
  1260 | D:3      | Found a broken altar of Ashenzari.
  1269 | D:3      | Reached XP level 4. HP: 41/41 MP: 3/3
  1605 | D:3      | Found a basalt altar of Yredelemnul.
  2303 | D:2      | HP: 1/41 [something (9)]
  2667 | D:4      | Noticed an ogre
  2681 | D:4      | Killed an ogre
  2682 | D:4      | Reached XP level 5. HP: 28/47 MP: 4/4
  2849 | D:4      | Reached skill level 5 in Fighting
  2955 | D:4      | Reached skill level 5 in Armour
  2979 | D:4      | Reached skill level 5 in Shields
  3003 | D:4      | Found a stormy altar of Qazlal.
  3023 | D:4      | Reached XP level 6. HP: 55/56 MP: 5/5
  3209 | D:2      | Killed Sigmund
  3791 | D:4      | Identified the +1 robe of Happy Babbling {MP+9}
  4064 | D:5      | Entered Level 5 of the Dungeon
  4070 | D:5      | Reached skill level 5 in Axes
  4070 | D:5      | Reached XP level 7. HP: 62/62 MP: 6/6
  4088 | D:5      | Reached skill level 6 in Fighting
  4339 | D:5      | Noticed a wyvern
  4423 | D:5      | Noticed Edmund
  4776 | D:5      | Reached XP level 8. HP: 64/71 MP: 7/7
  4890 | D:5      | Killed Edmund
  5020 | D:5      | Reached skill level 7 in Fighting
  5350 | D:5      | Noticed Ijyb
  5365 | D:5      | Killed Ijyb
  6732 | D:7      | Found an iron altar of Okawaru.
  6740 | D:7      | Became a worshipper of Warmaster Okawaru
  6765 | D:7      | Found Hees's Magic Scroll Boutique.
  6960 | D:7      | Found a staircase to the Ecumenical Temple.
  7055 | D:7      | Bought a scroll of identify for 26 gold pieces
  7055 | D:7      | Bought a scroll of identify for 26 gold pieces
  7055 | D:7      | Bought a scroll of identify for 26 gold pieces
  7055 | D:7      | Bought a scroll of identify for 26 gold pieces
  7135 | D:7      | Reached XP level 9. HP: 81/81 MP: 8/8
  7140 | D:7      | Reached skill level 8 in Fighting
  7275 | D:7      | Found a shimmering altar of Xom.
  7306 | D:7      | Reached * piety under Okawaru
  7486 | D:7      | Identified the +6 scale mail "Mownyeq" {Rampage rF++ Int-3
                  | Stlth+}
  7538 | D:7      | Found a radiant altar of Vehumet.
  7684 | Temple   | Entered the Ecumenical Temple
  7740 | D:8      | Noticed a two-headed ogre
  7953 | D:7      | Bought a scroll of identify for 26 gold pieces
  7953 | D:7      | Bought a scroll of blinking for 97 gold pieces
  7953 | D:7      | Bought a scroll of magic mapping for 45 gold pieces
  7953 | D:7      | Bought a scroll of identify for 26 gold pieces
  8023 | D:8      | Reached ** piety under Okawaru
  8160 | D:8      | Killed a two-headed ogre
  8160 | D:8      | Reached *** piety under Okawaru
  8161 | D:8      | Reached skill level 9 in Fighting
  8709 | D:9      | Found a flagged portal.
  8723 | Bailey   | Entered a bailey
  8734 | Bailey   | Noticed an orc warlord
  8800 | Bailey   | Reached XP level 10. HP: 91/91 MP: 9/9
  8864 | Bailey   | Found a runed translucent gate.
  8866 | Bailey   | Found a runed translucent gate.
  8868 | Bailey   | Found a runed translucent gate.
  8945 | Bailey   | Reached skill level 1 in Evocations
  9018 | Bailey   | Killed an orc warlord
  9018 | Bailey   | Reached **** piety under Okawaru
  9061 | Bailey   | Acquired the +1 hat "Ceur" {Regen+}
  9408 | D:9      | Found Sunnux's Antique Weapon Boutique.
  9431 | D:9      | Found a glowing silver altar of Zin.
  9443 | D:9      | Reached skill level 10 in Fighting
  9443 | D:9      | Reached skill level 10 in Armour
  9477 | D:9      | Reached ***** piety under Okawaru
  9595 | D:9      | Found a hazy altar of Hepliaklqana.
  9670 | D:9      | Reached skill level 10 in Axes
  9917 | D:10     | Entered Level 10 of the Dungeon
  9944 | D:10     | Noticed a two-headed ogre
  9962 | D:9      | HP: 1/94 [two-headed ogre/+0 giant spiked club (6)]
  9999 | D:9      | Killed a two-headed ogre
 10085 | D:9      | Identified the -2 pair of gloves "Hero's Friend" {rC+}
                  | (Okawaru gifted it to you on level 9 of the Dungeon)
 10085 | D:9      | Received a gift from Okawaru
 10136 | D:9      | Reached skill level 11 in Fighting
 10136 | D:9      | Reached XP level 11. HP: 21/102 MP: 10/10
 10313 | D:10     | Found a shimmering blue altar of Sif Muna.
 10358 | D:10     | Found a burning altar of Makhleb.
 10443 | D:10     | Found a glowing golden altar of the Shining One.
 10624 | D:10     | Found a staircase to the Lair.
 10713 | D:10     | Noticed a skeletal warrior
 10738 | D:10     | Killed a skeletal warrior
 11400 | D:11     | Noticed a boulder beetle
 11467 | D:11     | Killed a boulder beetle
 11468 | D:11     | Reached skill level 1 in Invocations
 11549 | D:11     | Got Xeamezim's Almanac of Vitriolic Enchantment
 11561 | D:11     | Found a sparkling altar of Nemelex Xobeh.
 11640 | D:11     | Noticed a centaur warrior
 11660 | D:11     | Killed a centaur warrior
 11661 | D:11     | Reached skill level 12 in Fighting
 11722 | D:11     | Received a gift from Okawaru
 11911 | D:11     | Found a staircase to the Orcish Mines.
 12257 | D:12     | Noticed a wizard
 12260 | D:12     | Cast into level 2 of the Abyss (a wizard)
 12362 | Abyss:2  | Noticed a tentacled starspawn
 12374 | Abyss:2  | Killed a tentacled starspawn
 12376 | Abyss:2  | Noticed a starcursed mass
 12394 | Abyss:2  | Noticed a sixfirhy
 12395 | Abyss:2  | HP: 3/105 [tormentor (4)]
 12621 | Abyss:2  | Noticed a tentacled starspawn
 12634 | Abyss:2  | Noticed a large abomination
 12636 | Abyss:2  | Noticed a wretched star
 12652 | Abyss:2  | Noticed a green death
 12698 | D:12     | Escaped the Abyss
 12705 | D:12     | Killed a wizard
 12839 | D:12     | Found a broken altar of Ashenzari.
 13026 | D:12     | Identified the +2 long sword of Wytsogow {vorpal, rF+
                  | Dex+4}
 13109 | D:12     | Noticed a red ugly thing
 13123 | D:12     | Killed a red ugly thing
 13508 | D:12     | Reached XP level 12. HP: 92/113 MP: 14/14
 13533 | D:12     | Noticed a two-headed ogre
 13547 | D:12     | Killed a two-headed ogre
 13548 | D:12     | Reached skill level 5 in Long Blades
 13656 | D:12     | Reached skill level 13 in Fighting
 13807 | D:13     | Noticed a boulder beetle
 13828 | D:13     | Killed a boulder beetle
 13828 | D:13     | Received a gift from Okawaru
 13829 | D:13     | Reached skill level 5 in Invocations
 13956 | D:13     | Found a gate to the Vaults.
 13962 | D:13     | Noticed a centaur warrior
 13964 | D:13     | Noticed Erolcha
 13975 | D:13     | Killed a centaur warrior
 13989 | D:13     | Mangled by Erolcha

Illustrated notes

Levels and vault maps discovered:
D:1:      eino_arrival_cavern_b, layout_basic
D:2:      layout_loops_ring, moated_statue, minmay_fractal_squares_gapless_5,
          uniq_sigmund
D:3:      minmay_angry_zag, layout_loops_corners,
          grunt_temple_overflow_growth_and_decay,
          mainiacjoe_overflow_surrounded_room, mainiacjoe_overflow_24_doors
D:4:      layout_basic, nicolae_qazlal_general_emergency, minmay_box_of_dots
D:5:      layout_loops_ring, minmay_chambers_of_fives, uniq_ijyb, uniq_edmund
D:6:      layout_loops_ring
D:7:      layout_basic, mainiacjoe_overflow_tiny_flanked, okawaru_gym_becter,
          fiery_altar_vehumet, minmay_temple_entry_junction, serial_shops,
          nicolae_shop_waterfront
D:8:      layout_rooms, minmay_manual_mares
D:9:      layout_loops_ring, nzn_hepliaklqana_mist_gate,
          nicolae_overflow_crystal_walls, serial_shops,
          nicolae_shop_behind_doors, enter_bailey_3
D:10:     layout_cross, mainiacjoe_overflow_alcove_4, demons_altar, tso_altar,
          erik_lair_orcish_takeover, serial_column_ruins,
          column_ruins_hut_pillars, column_ruins_open_small,
          column_ruins_columns_straight, column_ruins_columns_plus,
          column_ruins_open_tiny, column_ruins_columns_straight,
          eino_tiny_chamber, hangedman_corner_corridor
D:11:     layout_rooms, david_orc_4, nemelex_altar_shiori
D:12:     layout_basic, evilmike_ruin_ashenzari
D:13:     cheibrodos_hippocracy, layout_loops_corners, david_vaults_2,
          serial_shops, nicolae_shop_crystal, lemuel_zombie_altar_kikubaaqudgha,
          uniq_erolcha
Temple:   jpeg_temple_island

Skill      XL: |  1  2  3  4  5  6  7  8  9 10 11 12 |
---------------+-------------------------------------+-----
Armour         | 4 5 6 7 9 11 | 11.6
Shields        | 4 5 6 7 9 |  9.3
Fighting       | 4 5 6 7 9 11 12 13 | 13.2
Axes           | 3 4 5 6 7 9 10 12 | 12.3
Evocations     | 3 |  3.0
Invocations    | 4 5 |  5.3
Long Blades    | 4 8 |  8.5

Action                   |  1- 3 |  4- 6 |  7- 9 | 10-12 || total
-------------------------+-------+-------+-------+-------++-------
Melee: War axe           |    72 |   150 |   312 |   469 ||  1003
       Headbutt          |    13 |    17 |    60 |   156 ||   246
       Long sword        |       |       |       |   132 ||   132
Invok: Heroism           |       |       |       |     2 ||     2
Evoke: Wand              |       |       |     4 |    19 ||    23
  Use: Scroll            |     1 |     4 |    12 |    16 ||    33
       Potion            |       |     1 |       |    12 ||    13
 Stab: Invisible         |       |       |       |     2 ||     2
Armor: Scale mail        |    31 |    46 |   177 |   368 ||   622
Dodge: Dodged            |    34 |    56 |   127 |   246 ||   463
Block: Buckler           |    10 |    21 |   101 |   202 ||   334
